 Dungeon Crawl Stone Soup version 0.28-a0-1510-gd0f6b136d3 (webtiles) character file.

Game seed: 10081661913514921170

3 frimble the Grasshopper (level 1, 0/16 HPs)
             Began as a Demonspawn Warper on Jan 16, 2022.
             Slain by a jackal (3 damage)
             ... on level 2 of the Dungeon.
             The game lasted 00:00:37 (350 turns).

frimble the Grasshopper (Demonspawn Warper)          Turns: 350, Time: 00:00:37

Health: 0/16       AC:  3    Str: 11    XL:     1   Next: 41%
Magic:  3/3        EV: 11    Int: 14    God:
Gold:   0          SH:  0    Dex: 12    Spells: 4/4 levels left

rFire   . . .      SeeInvis .   a - +0 short sword
rCold   . . .      Faith    .   (no shield)
rNeg    . . .      Spirit   .   b - +0 leather armour
rPois   .          Reflect  .   (no helmet)
rElec   .          Harm     .   (no cloak)
rCorr   .          Rampage  .   (no gloves)
Will    .....                   (no boots)
Stlth   +.........              (no amulet)
HPRegen 0.05/turn               (no ring)
MPRegen 0.08/turn               (no ring)

@: no status effects
A: no striking features
a: no special abilities


You were on level 2 of the Dungeon.
You visited 1 branch of the dungeon, and saw 2 of its levels.

Inventory:

Hand Weapons
 a - a +0 short sword (weapon)
Missiles
 d - 5 boomerangs of dispersal (quivered)
Armour
 b - a +0 leather armour (worn)
Scrolls
 c - a scroll of blinking
 e - a scroll of vulnerability {unknown}
 f - a scroll of identify {unknown}


   Skills:
 - Level 2.0 Fighting
 + Level 1.8 Short Blades
 - Level 0.8 Throwing
 - Level 0.8 Armour
 + Level 1.8 Dodging
 + Level 0.2 Stealth
 - Level 2.0 Spellcasting
 + Level 2.7 Translocations


You had 4 spell levels left.
You didn't know any spells.
Your spell library contained the following spells:

 Spells                   Type           Power      Damage    Failure   Level
 Blink                    Tloc           18%        N/A       16%         2
 Gell's Gravitas          Tloc           9%         N/A       30%         3
 Lesser Beckoning         Tloc           9%         N/A       30%         3
 Teleport Other           Tloc           9%         N/A       30%         3
 Manifold Assault         Tloc           9%         N/A       95%         5


Dungeon Overview and Level Annotations

Branches:
Dungeon (2/15)

Altars:


Message History

There is a stone staircase leading down here.
You closely miss the bat. The bat barely misses you. x2
The bat barely misses you. The bat hits you.
You climb downwards.
There is a stone staircase leading up here.
You barely miss the bat. The bat misses you. The bat closely misses you.
The bat hits you.
You miss the bat. The bat barely misses you.
You closely miss the bat. The bat hits you but does no damage.
You miss the bat. The bat hits you.
You barely miss the bat. The bat barely misses you.
You hit the bat.
You kill the bat!
You see here a bat corpse.
You start resting.
HP restored.
There is a stone staircase leading up here.
You climb upwards.
The jackal misses you.
The jackal bites you but does no damage.
There is a stone staircase leading down here.
The jackal bites you.
The gnoll hits you from afar with a +0 spear!
Ouch! That really hurt!
The jackal bites you but does no damage.
You climb downwards.
There is a stone staircase leading up here.
You are too injured to fight recklessly!
You are too injured to fight recklessly!
You are too injured to fight recklessly!
You are too injured to fight recklessly!
You are too injured to fight recklessly!
You are too injured to fight recklessly!
You completely miss the jackal.
The jackal bites you but does no damage.
You closely miss the jackal. The jackal completely misses you.
The jackal bites you.
* * * LOW HITPOINT WARNING * * *
You barely miss the jackal. The jackal bites you.
You die...

#+#
#รท#
#.#
#h#
#@#
###


You could see a jackal.

Vanquished Creatures
  A giant cockroach (D:1)
  A jackal (D:1)
  A bat (D:2)
3 creatures vanquished.

Notes
Turn   | Place    | Note
-------+----------+-------------------------------------------
     0 | D:1      | frimble the Demonspawn Warper began the quest for the Orb.
     0 | D:1      | Reached XP level 1. HP: 16/16 MP: 3/3
   350 | D:2      | Slain by a jackal

Illustrated notes

Levels and vault maps discovered:
D:1:      minmay_arrival_diagonal_passages, layout_loops_ring,
          shapermc_ecumenical_altar_mp_ritualfount, minmay_tromino_v4_c
D:2:      layout_basic

Action                   || total
-------------------------++-------
Melee: Short sword       ||    19
Armor: Leather armour    ||    21
Dodge: Dodged            ||    39

Table legend: (Time is in decaauts)
 A = Elapsed time spent in this place.
 B = Non-inter-level travel time spent in this place.
 C = Inter-level travel time spent in this place.
 D = Time resting spent in this place.
 E = Time spent auto-exploring this place.
 F = Levels seen in this place.
 G = Mean time per level.
                   A        B        C        D        E       F      G
               +--------+--------+--------+--------+--------+-----+--------+
         Total |    350 |    350 |      0 |    200 |     83 |   2 |  175.0 |
       Dungeon |    350 |    350 |      0 |    200 |     83 |   2 |  175.0 |
               +--------+--------+--------+--------+--------+-----+--------+

Top non-repeatable levels by time:
     D:2: 217 daAuts
     D:1: 133 daAuts
